[Event "Romanian Team Blitz Open 2022"]
[Site "Sebes"]
[Date "2022.12.04"]
[Round "8.6"]
[White "Sfarlog, Tudor-Vlad"]
[Black "Cosma, Ioan"]
[Result "0-1"]
[ECO "A30"]
[WhiteElo "2283"]
[BlackElo "2368"]
[Annotator "TA"]
[PlyCount "94"]
[EventDate "2022.12.04"]
[EventType "blitz"]
[EventCountry "ROU"]
[SourceTitle "playchess.com"]
[Source "ChessBase"]
[SourceQuality "1"]
[TimeControl "180+2"]

1. Nf3 Nf6 2. c4 c5 3. Nc3 e6 4. g3 b6 5. Bg2 Bb7 6. O-O Be7 7. b3 a6 8. Bb2 O-O 9. Re1 d6 10. e4 Qc7 11. d4 cxd4 12. Nxd4 Nc6 {[%emt 0:00:04] A30: Symmetrical English: Double Fianchetto and Hedgehog.} 13. Rc1 {[%emt 0:00:02][%cal Oc3d5] aiming for Nd5!} Nxd4 14. Qxd4 Rab8 {[%emt 0:00:06] White is slightly better.} 15. a4 Rfd8 {[%emt 0:00:05] [#]} 16. Ba3 $146 ({Predecessor:} 16. h3 Bf8 17. Kh2 Qc5 18. Nd1 Nd7 19. Qd2 Qc7 20. f4 Bc6 21. f5 Qb7 22. fxe6 fxe6 {0-1 (59) Didriksson,M (2091)-Vilchez,V (2363) Sweden 2009}) 16... Bf8 17. Qe3 (17. Red1 $11) 17... Nd7 ({Black should try} 17... d5 $1 $15 18. Bxf8 d4) 18. Red1 Nc5 19. Ne2 (19. b4 $5 ) 19... Bc6 20. Nd4 Ba8 21. Bb2 h6 22. h3 Rbc8 23. Kh2 Qb8 24. Rd2 Bb7 (24... e5 {is interesting.} 25. Nf5 Kh7 26. f4 g6) 25. Rcd1 Qa8 26. f3 Re8 27. Ne2 b5 28. axb5 axb5 29. cxb5 (29. Ra1 $14 Qb8 30. cxb5) 29... Qa5 $11 30. Nd4 $36 {[%emt 0:00:05][%cal Ob3b4][%mdl 2048] [#] Threatens to win with b4! White is more active.} Qb6 31. b4 Na4 (31... Nd7 $1 $14) 32. Ba1 $16 Qd8 (32... Ra8 $16 {keeps fighting.}) 33. Bf1 $18 Nb6 34. Rc2 $2 {[%emt 0:00:04] Against Nc4} (34. Nc6 $1 $18 Bxc6 35. bxc6) 34... Rxc2+ $1 $14 35. Nxc2 Qa8 $2 36. Qxb6 $18 Qa2 37. Rd2 Ba8 38. Qa6 Qb1 39. Kg2 d5 40. exd5 Bxd5 41. Nd4 (41. b6 $18) 41... Ra8 $11 42. Bc3 $1 Rxa6 43. bxa6 {[%emt 0:00:01] And now a7 would win.} Qc1 {[%emt 0:00:23] Prevents a7.} (43... Bxb4 $2 44. Bd3 Bxc3 45. Bxb1 $18) 44. Ne2 {[%emt 0:00:05][%mdl 8192] [#]} (44. Nc2 $1 $11) 44... Qa3 $1 $19 45. b5 g5 (45... Bc5 $142 {White must now prevent ...Bb6.} 46. g4 Bb6) 46. Kf2 $2 (46. Kh2 {only move.}) 46... Bc5+ 47. Kg2 h5 {[%emt 0:00:03] Weighted Error Value: White=0.64/Black=0.43} 0-1

[Event "Romanian Team Blitz Open 2022"]
[Site "Sebes"]
[Date "2022.12.04"]
[Round "8.7"]
[White "Itkis, Boris"]
[Black "Ileana, George"]
[Result "0-1"]
[ECO "D58"]
[WhiteElo "2343"]
[BlackElo "2343"]
[Annotator "TA"]
[PlyCount "86"]
[EventDate "2022.12.04"]
[EventType "blitz"]
[EventCountry "ROU"]
[SourceTitle "playchess.com"]
[Source "ChessBase"]
[SourceQuality "1"]
[TimeControl "180+2"]

1. Nf3 Nf6 2. c4 e6 3. Nc3 d5 4. d4 Be7 5. Bg5 O-O 6. e3 h6 7. Bh4 b6 8. Qb3 Bb7 9. Bxf6 Bxf6 10. cxd5 exd5 11. Rd1 c6 12. Be2 Re8 13. O-O Nd7 14. Rfe1 {[%emt 0:00:01] D58: Queen's Gambit Declined: Tartakower Defence.} g6 15. Bf1 {[%emt 0:00:01] [#]} Bg7 $146 ({Predecessor:} 15... Nf8 16. g3 Ne6 17. Bg2 Rb8 18. h4 h5 19. a3 a5 20. e4 Ba8 21. exd5 cxd5 {1-0 (43) Hansen,C (2611)-Pedersen,S (2406) Denmark 2015}) 16. g3 {[%emt 0:00:00] The position is equal.} Nf6 17. Bg2 Rc8 18. a3 Qe7 19. Ne5 Nd7 20. Nd3 Qd6 21. Nf4 h5 (21... g5 $11 22. Nh5 Bh8) 22. e4 $14 dxe4 (22... Nf8 $14) 23. Nxe4 $18 Qc7 24. Nxg6 {[%emt 0:00:04] [#] Black must now prevent Ng5.} (24. Bh3 $6 Rcd8) 24... c5 25. Nf4 {[%emt 0:00:15] Pair of Knights!} (25. Ng5 c4 26. Qc2 (26. Rxe8+ Rxe8 27. Qc2 fxg6 $16) 26... fxg6 $16) 25... cxd4 26. Nxh5 (26. Ng5 Nc5 27. Rxe8+ (27. Qc2 Rxe1+ 28. Rxe1 d3 $11) 27... Rxe8 $16) 26... Bxe4 27. Bxe4 Qc5 (27... Nc5 {was called for.} 28. Qf3 Rxe4) 28. Nxg7 (28. Bg6 Rxe1+ 29. Rxe1 Rf8 $16) 28... Kxg7 29. Qd5 (29. Qf3 $18 Nf6 30. Bf5 Rxe1+ 31. Rxe1) 29... Nf6 {[%emt 0:00:08] [#]} (29... Ne5 $16) 30. Qxc5 $2 (30. Qxd4 $18 {and the rest is easy. Hoping for Kg2.} Qxd4 31. Rxd4) 30... bxc5 $16 31. f3 ({Better is} 31. Bf5 $16 Rc7 32. Rxe8 Nxe8 33. b3) 31... Rb8 $11 32. Rd2 Nxe4 33. fxe4 {[%emt 0:00:06][%mdl 4096] Endgame KRR-KRR} Kf6 34. Kf2 Ke5 35. Rc1 Rec8 36. Rcd1 Rc7 ({Don't play} 36... Kxe4 37. b4 $14) (36... Rb3 {simplifies} 37. Rf1 Rcb8 38. Rc1 Kxe4 39. Rxc5 Rxb2 40. Rcc2 Rxc2 41. Rxc2 Rb3) 37. b4 cxb4 ({But not} 37... Kxe4 38. bxc5 Rd8 39. Re2+ Kf5 40. Red2 $16) 38. Rxd4 b3 ({Of course not} 38... bxa3 39. Ke3 $11) 39. Rd5+ Ke6 {[%emt 0:00:01][%mdl 1024] Black has strong compensation.} (39... Kf6 $5 40. Rd6+ Ke7 $11) 40. Rb1 (40. R5d2 $15) 40... Rc2+ $17 41. Ke3 b2 {[%emt 0:00:02] Black is more active.} ({Black should play} 41... Rxh2 $17 {Threatens to win with ...b2.} 42. a4 Rg2) 42. Rd2 $1 $11 Rc3+ 43. Rd3 $2 (43. Kf4 $11) 43... Rc1 {[%emt 0:00:03] What a bad dream for White.   Weighted Error Value: White=0.53/Black=0.38} 0-1

[Event "Romanian Team Blitz Open 2022"]
[Site "Sebes"]
[Date "2022.12.04"]
[Round "8.8"]
[White "Negrean, Andrei"]
[Black "Bulau, Andrei-Cristian"]
[Result "0-1"]
[ECO "D13"]
[WhiteElo "1991"]
[BlackElo "2154"]
[Annotator "TA"]
[PlyCount "151"]
[EventDate "2022.12.04"]
[EventType "blitz"]
[EventCountry "ROU"]
[SourceTitle "playchess.com"]
[Source "ChessBase"]
[SourceQuality "1"]
[TimeControl "180+2"]

1. d4 d5 2. c4 c6 3. cxd5 cxd5 4. Bf4 Nc6 5. e3 Nf6 6. Nc3 a6 7. Bd3 e6 8. Rc1 Be7 9. Nf3 O-O 10. O-O Bd7 11. Bb1 {[%emt 0:00:13] D13: Slav Defence: Exchange variation without ...Bf5.} Rc8 12. Ne5 Nxe5 13. dxe5 {[%emt 0:00:21] White has an edge.} Ne8 (13... Ne4 $1 $11 {is superior.}) 14. Qd3 (14. e4 $16) 14... g6 $11 {[%emt 0:00:02] [#]} 15. Bh6 $146 ({Predecessor:} 15. Rfd1 Bc6 16. e4 Nc7 17. Qg3 Bh4 18. Qf3 Bg5 19. h3 Qe7 20. a3 Kg7 21. Ba2 Bxf4 22. Qxf4 {1-0 (42) Straschewski,J (1942)-Schwarzfischer,J (1669) Nittenau 2005}) 15... Ng7 16. Ne2 Bb5 17. Qd2 Qb6 18. Rfe1 Rfd8 19. Nd4 Bd7 20. a3 {[%emt 0:00:02] Against Bb4} Rxc1 21. Rxc1 Rc8 22. Rxc8+ Bxc8 23. Qc3 Qc5 24. Qxc5 Bxc5 25. Kf1 Ne8 26. Ke2 Bd7 27. Bd3 Nc7 28. Kd2 Na8 29. b4 Bxd4 30. exd4 {[%emt 0:00:01][%mdl 4096] Endgame KBB-KBN} Nc7 31. Be3 Kf8 32. Bc2 Ke8 33. a4 Na8 34. Kc3 Nb6 35. a5 Nc8 36. Bd3 Na7 37. g4 Bb5 38. Bc2 Kd7 39. g5 Bc6 40. Bd3 Ba4 41. h4 Bb5 42. Bc2 Nc6 43. Bb3 Ne7 44. Bc2 Kc7 45. Bf4 Bc4 46. Be3 Nc6 47. Ba4 Bb5 48. Bc2 Nb8 49. Bf4 Nd7 50. Be3 b6 51. Bb3 bxa5 52. bxa5 Nb8 $1 53. Kb2 Nc6 54. Kc3 Nxa5 55. Bc2 Kb6 56. Bd2 Nc6 57. Be3 a5 58. f4 a4 {[%emt 0:00:02] aiming for ...a3.} 59. Bd2 {[%emt 0:00:03] [#]} (59. Kb2 $15) 59... Nb8 $2 (59... a3 $1 $17 {Threatens to win with ...Ka6.} 60. Bd1 a2) 60. Kb4 Na6+ ({Reject} 60... Nc6+ $6 61. Kc3 $17) 61. Ka3 Nc7 62. Bxa4 Bxa4 63. Kxa4 {[%emt 0:00:01] KB-KN} Nb5 64. Be3 Nc3+ 65. Kb3 Ne4 66. Kc2 (66. Ka4 $11) 66... Kb5 67. Kd3 $2 {[%emt 0:00:02][%mdl 8192] Now White is beyond hope.} (67. Kb3 $17) 67... Ng3 {[%emt 0:00:02] Strongly threatening ...Ne4.} 68. Bf2 Nf5 {[%emt 0:00:01] White must now prevent ...Kb4.} 69. Be1 Ka4 70. Kc3 Ne7 71. Kd3 $2 {[%emt 0:00:03] [#]} (71. Bf2 Nf5 72. Bg1) 71... Kb3 $1 $19 {[%emt 0:00:01] Black is clearly winning.} 72. Bf2 Nc6 73. Be1 Nb4+ 74. Ke2 Nc2 {[%emt 0:00:04][%cal Oc2e1] Hoping for ...Nxe1!} 75. Bf2 Kc4 76. Kf3 {[%emt 0:00:05] Weighted Error Value: White=0.11 (very precise) /Black=0.11 (very precise)} 0-1

[Event "Romanian Team Blitz Open 2022"]
[Site "Sebes"]
[Date "2022.12.04"]
[Round "8.9"]
[White "Szabo, Gergely-Andras-Gyula"]
[Black "Anton, Teodor"]
[Result "1-0"]
[ECO "C45"]
[WhiteElo "2514"]
[BlackElo "2438"]
[Annotator "TA"]
[PlyCount "79"]
[EventDate "2022.12.04"]
[EventType "blitz"]
[EventCountry "ROU"]
[SourceTitle "playchess.com"]
[Source "ChessBase"]
[SourceQuality "1"]
[TimeControl "180+2"]

1. e4 e5 2. Nf3 Nc6 3. d4 exd4 4. Nxd4 Bc5 5. Nb3 Bb6 6. Nc3 Qf6 7. Qe2 Nge7 8. Be3 d6 {[%emt 0:00:01] is now debated instead of 8...0-0. C45: Scotch Game.} 9. O-O-O Bd7 10. g3 O-O-O {[%emt 0:00:04] The position is equal.} 11. Bxb6 axb6 {[%emt 0:00:02] [#]} 12. f4 $146 ({Predecessor:} 12. Qe3 Rhe8 13. Bg2 Kb8 14. f4 Qh6 15. Kb1 f5 16. Qd2 fxe4 17. Bxe4 Bf5 18. Bf3 {½-½ (45) Sutton,A (2220)-Carter,M (2071) ICCF email 2018}) 12... h5 13. Bg2 Bg4 14. Bf3 Bxf3 15. Qxf3 g5 16. Rhf1 h4 17. Qg4+ Qe6 18. Qxg5 hxg3 19. hxg3 Rdg8 20. Qb5 Rxg3 21. Rde1 (21. Kb1 {simplifies} Kb8 22. Nd4 Nxd4 23. Rxd4 f5 24. Re1) 21... Rg2 22. Nd5 (22. Kb1 $11 {is superior.}) 22... Rhh2 $15 23. Nd4 {[%emt 0:00:11] [#]} Rxc2+ $2 24. Nxc2 $16 Rxc2+ 25. Kb1 $1 {[%emt 0:00:01] Black must now prevent f5.} Rh2 (25... Rc5 $142 26. Nxe7+ Kd7) 26. Rg1 Nxd5 $4 (26... Rh8 $16 27. Qc4 Kb8) 27. Qxd5 $2 (27. exd5 $18 {and the rest is easy.} Qf6 28. dxc6 bxc6 29. Qa6+ Kd7 30. Qa3) 27... Qf6 {[%emt 0:00:04] [#]} (27... Kd7 $16) 28. Qf5+ $2 (28. Rg8+ $1 $18 Kd7 29. e5 Qf5+ 30. Ka1) 28... Qxf5 $11 29. exf5 {[%emt 0:00:01][%mdl 4096] Endgame KRR-KRN} Nd4 $2 (29... Rh6 $11 {and Black is okay.}) 30. Re7 $18 Kb8 31. Rxf7 {[%emt 0:00:05] aiming for f6.} Rf2 32. f6 Rxf4 33. Rf8+ (33. b3 $18) 33... Ka7 $16 34. f7 (34. a4 $16 {Hoping for Rgg8.} b5 35. axb5) 34... b5 $1 $14 35. a3 c5 ({Better is} 35... Kb6 $14) 36. Rgg8 $16 Rf1+ 37. Ka2 {[%emt 0:00:01] Threatens to win with Ra8+.} b4 $2 (37... Kb6 $16) 38. axb4 $18 {[%emt 0:00:02] White is clearly winning.} ({Weaker is} 38. Ra8+ Kb6 39. axb4 (39. f8=R $2 b3#) 39... Rxf7 $16) 38... cxb4 39. Ra8+ Kb6 40. f8=Q {[%emt 0:00:02] Weighted Error Value: White=0.52/Black=0.61} 1-0

[Event "Romanian Team Blitz Open 2022"]
[Site "Sebes"]
[Date "2022.12.04"]
[Round "8.10"]
[White "David, Alexandru-Vasile"]
[Black "Nevednichy, Vladislav"]
[Result "1-0"]
[ECO "A34"]
[WhiteElo "2404"]
[BlackElo "2499"]
[Annotator "TA"]
[PlyCount "102"]
[EventDate "2022.12.04"]
[EventType "blitz"]
[EventCountry "ROU"]
[SourceTitle "playchess.com"]
[Source "ChessBase"]
[SourceQuality "1"]
[TimeControl "180+2"]

1. e4 c5 2. Nf3 e6 3. d4 cxd4 4. Nxd4 a6 5. c4 b6 6. Nc3 Bb7 7. Be3 {[%emt 0:00:03] White is more active. A34: Symmetrical English: 2 Nc3, lines with ...d5.} Qc7 8. Be2 Nf6 9. f3 {[%emt 0:00:02] White is slightly better.} Bc5 10. Qd2 Nc6 {[%emt 0:00:00] [#]} 11. O-O-O $146 ({Predecessor:} 11. Nxc6 Bxe3 12. Qxe3 Bxc6 13. O-O Rb8 14. Rac1 Ba8 15. Rfd1 d6 16. Rd2 Ke7 17. Rcd1 {½-½ (32) Naroditsky,D (2633)-Kamsky,G (2683) Saint Louis 2015}) 11... Nxd4 12. Bxd4 e5 13. Bxc5 bxc5 14. Kb1 (14. Na4 {feels hotter.} Ke7 15. g4 d6 16. h4) 14... O-O 15. g4 Bc6 16. h4 Rab8 17. Qe3 Qb6 {[%emt 0:00:00][%csl Gb8][%cal Rb6b2] White stays focused until the end.} 18. Rd2 Rb7 19. h5 Rfb8 {[%emt 0:00:00] [#]} (19... Ne8 $16 {keeps fighting.}) 20. h6 $1 $18 g6 21. Qg5 {[%emt 0:00:02][%csl LRe5,LRf6] Against d6} Ne8 22. Qxe5 Qc7 (22... f6 {was worth a try.} 23. Qf4 (23. Qe7 d6 $16) 23... Qd8) 23. Qxc5 Qf4 24. Qd4 a5 25. c5 Rb4 26. Qd3 a4 27. a3 Rb3 28. Ka1 {[%emt 0:00:01] Hoping for Qd4.} Nc7 (28... R8b5 $142 29. Qd4 (29. Bd1 Rxb2 30. Rxb2 Qc1+ 31. Qb1 Qxc3 $16) 29... Rxc5) 29. Qd6 ({Not} 29. Qd4 Ne6 30. Qd6 Qxd6 31. cxd6 R3b6 $18) 29... Ne6 30. Bc4 Qxd6 31. cxd6 Nc5 32. Rhh2 R3b6 33. Nd5 Bxd5 34. Rxd5 ({Weaker is} 34. Bxd5 Nb3+ 35. Bxb3 axb3 $18) 34... Ne6 35. Ra5 Nf4 $2 (35... Rxd6 {is tougher.} 36. Rxa4 Kf8) 36. Rd2 Rc6 37. Rxa4 Rbc8 38. Bb3 g5 39. Ra5 Kf8 40. Rxg5 Rc1+ 41. Ka2 {[%emt 0:00:00] Rg7 is the strong threat.} Rf1 42. Rf5 Ne6 43. Bxe6 dxe6 {[%emt 0:00:00][%mdl 4096] Endgame [#] KRR-KRR} 44. Rc5 $3 Rd8 45. Rc3 e5 46. a4 {[%emt 0:00:02][%cal Ba3a4,Ba4a5,Ba5a6,Ba6a7][%mdl 32] Threatens to win with a5.} f6 47. a5 {[%emt 0:00:02] d7 would kill now.} Kf7 48. d7 {[%emt 0:00:02] White mates.} Ke7 49. a6 Rh1 50. Rc8 Rh3 51. a7 Rxf3 {[%emt 0:00:03] Weighted Error Value: White=0.22 (precise) /Black=0.35} 1-0

[Event "Romanian Team Blitz Open 2022"]
[Site "Sebes"]
[Date "2022.12.04"]
[Round "8.11"]
[White "Stoleriu, George"]
[Black "Ghimpu, Samuel-Timotei"]
[Result "1-0"]
[ECO "A01"]
[WhiteElo "2389"]
[BlackElo "2455"]
[Annotator "TA RC"]
[PlyCount "145"]
[EventDate "2022.12.04"]
[EventType "blitz"]
[EventCountry "ROU"]
[SourceTitle "playchess.com"]
[Source "ChessBase"]
[SourceQuality "1"]
[TimeControl "180+2"]

1. b3 e5 2. Bb2 Nc6 3. e3 Nf6 4. Bb5 Qe7 5. Bxc6 dxc6 6. d3 {[%emt 0:00:00] A01: Nimzowitsch-Larsen Opening.} h5 {[%emt 0:00:07] [#]} 7. Nf3 $146 ({Predecessor:} 7. Nd2 Bg4 8. Ngf3 Nd7 9. h3 Bxf3 10. Qxf3 O-O-O 11. O-O-O g6 12. e4 Bh6 13. Kb1 {0-1 (44) Bruned,Y (2286)-To,N (2353) Chess.com INT 2021}) 7... e4 8. dxe4 {[%emt 0:00:01] The position is equal.} Nxe4 9. Nbd2 Bf5 10. Nxe4 (10. Qe2 $11 {remains equal.}) 10... Qxe4 $17 11. Rc1 Bb4+ 12. c3 Rd8 (12... Bc5 $17) 13. Qe2 $11 Be7 {[%emt 0:00:10] A strong pair of Bishops.} 14. O-O h4 15. h3 g5 ({Better is} 15... Bg6 $15) 16. c4 $14 Rg8 17. Nd4 (17. Ne5 {with more complications.} g4 18. hxg4 Bxg4 19. f3) 17... g4 $36 {[%emt 0:00:54][%mdl 2048] aiming for ...c5. Black is pushing.} 18. hxg4 Qxg4 19. Qxg4 Bxg4 20. f3 {[%emt 0:00:01] Inhibits c5.} Bc8 21. Kf2 $2 (21. e4 $15) 21... c5 $2 (21... h3 $19 {has better winning chances.} 22. g3 Bh4 $1 23. gxh4 Rg2+ 24. Ke1 Rxb2) 22. Ne2 $17 Rd2 23. Bc3 (23. Rb1 $142) 23... Rxa2 {[%emt 0:00:01] ...h3 is the strong threat.} 24. Ra1 {[%emt 0:00:00] [#]} Rxa1 (24... Rxg2+ $1 $17 25. Kxg2 Rxe2+ 26. Kg1 Rxe3) 25. Rxa1 $11 a6 26. Nf4 $1 c6 27. Rd1 Be6 28. Nh5 Rg6 29. Nf4 Rg5 30. e4 Rg8 31. Nh5 Rg6 32. Nf4 Rg8 33. Nh5 Rg6 {[%emt 0:00:04] Against Nf6+} 34. Nf4 Rg8 35. Be5 b5 36. Ra1 (36. Nxe6 $14 fxe6 37. Ra1) 36... bxc4 (36... f6 $11 37. Bc3 (37. Nxe6 fxe5 38. Nc7+ Kd7 $15) 37... Bc8) 37. Nxe6 $14 fxe6 38. bxc4 $11 {[%emt 0:00:01][%mdl 4096] Endgame KRB-KRB} Rg5 39. Bf4 Rh5 40. Rxa6 h3 ({Black should try} 40... e5 $1 $14 41. Be3 Kd7) 41. gxh3 $18 ({Inferior is} 41. Rxc6 h2 42. Bxh2 (42. Rxe6 $2 {loses.} h1=Q $19) 42... Rxh2 $11) 41... Rxh3 42. Rxc6 Kd7 43. Rc7+ Kd8 {[#]} 44. Ra7 (44. Kg2 $142 $1 Rh6 45. Bxh6 Kxc7 46. Kg3) 44... Rh1 $16 45. Be3 {[%emt 0:00:05] White is more active.} Rb1 46. Ra5 (46. Kg3 $16) 46... Rb4 $1 $14 47. Bxc5 Bxc5+ $4 (47... Bh4+ $14 48. Ke3 Rxc4) 48. Rxc5 {[%emt 0:00:01] KR-KR} Kd7 49. e5 $2 (49. Ke3 $18 {and the rest is easy.} Rb3+ 50. Kf4) 49... Rb1 $2 (49... Rb2+ $16 50. Kg3 Rc2) 50. Ke3 $2 (50. Ra5 $18 {and White stays clearly on top. Strongly threatening Ke3.} Rb2+ 51. Ke3) 50... Re1+ 51. Kf4 Rh1 $2 (51... Rc1 $16 52. Ra5 Rxc4+ 53. Kg5 Rc3) 52. Kg5 $2 ({White should play} 52. Rb5 $18 Rh4+ 53. Kg5 Rxc4 54. Rb7+ Kc6 55. Ra7) 52... Rg1+ $11 53. Kf4 $2 (53. Kh6 $11 Rf1 54. Ra5 Rxf3 55. Kh5) 53... Rh1 $1 $18 54. Ke3 $2 (54. Ra5 $18 Rg1 55. Ra7+ Kc6 56. Re7) 54... Re1+ $1 $14 55. Kd2 Rf1 56. Ke2 Rc1 57. Ke3 Re1+ $1 58. Kf4 $2 (58. Kd4 $16) 58... Rh1 $1 $18 59. Ra5 Rh4+ {[%emt 0:00:01] [#]} 60. Kg5 $1 Rxc4 61. f4 (61. Ra7+ $142 Kd8 62. Kf6 Rf4+ 63. Kxe6 Rxf3 64. Ra8+ Kc7 65. Ke7 Re3 66. e6) 61... Rc8 62. Ra7+ Kc6 63. Kf6 Kd5 64. Rd7+ Ke4 65. Kxe6 Kxf4 66. Rd4+ $2 (66. Kf6 {mates} Rf8+ 67. Ke7 Rf5 68. e6 Ke5 69. Rb7 Ke4 70. Kd7 Rd5+ 71. Ke8) 66... Ke3 $2 (66... Kg5 $11) 67. Ra4 {[%emt 0:00:01] White mates.} Re8+ 68. Kf6 Rh8 69. e6 Rh6+ 70. Kf7 Rh7+ 71. Kg6 Rh8 72. e7 Re8 73. Kf7 {[%emt 0:00:01] White used his chance.   Weighted Error Value: White=0.72/Black=0.48} 1-0

[Event "Romanian Team Blitz Open 2022"]
[Site "Sebes"]
[Date "2022.12.04"]
[Round "8.12"]
[White "Talu, Mircea"]
[Black "Zubcu, Vlad-George"]
[Result "1-0"]
[ECO "A06"]
[WhiteElo "2327"]
[BlackElo "2135"]
[Annotator "TA"]
[PlyCount "63"]
[EventDate "2022.12.04"]
[EventType "blitz"]
[EventCountry "ROU"]
[SourceTitle "playchess.com"]
[Source "ChessBase"]
[SourceQuality "1"]
[TimeControl "180+2"]

1. Nf3 d5 2. b3 Bg4 3. Bb2 Bxf3 4. gxf3 Nf6 5. e3 Nbd7 6. f4 {[%emt 0:00:02] A06: Réti Opening: 1 Nf3 d5.} e6 7. Rg1 g6 8. d3 {[%emt 0:00:02] [#] The position is equal.} Bg7 $146 ({Predecessor:} 8... Bd6 9. Nd2 Qe7 10. Bh3 O-O-O 11. Nf3 Kb8 12. Ne5 Rhf8 13. a4 Ne8 14. d4 c5 {0-1 (32) Aranguiz Olave,E (1679)-Cruz,C (2564) Antofagasta 2019}) 9. Nd2 O-O 10. Nf3 c5 11. Bg2 Qc7 ({Of course not} 11... Ng4 12. Bxg7 Kxg7 13. Qd2 $11) 12. Ne5 (12. Qe2 $15) 12... Rfd8 13. Nxd7 Rxd7 14. Be5 {[%emt 0:00:04] Prevents d4.} Qb6 15. h4 Nh5 16. Bxg7 Nxg7 17. Bf3 Qd8 18. h5 $1 Qf6 19. hxg6 hxg6 20. Ke2 d4 21. Rh1 e5 22. fxe5 (22. Qf1 {feels hotter.} Ne6 23. Qh3 Re8 24. Qh7+) 22... Qxe5 {[%emt 0:00:01] [#] Strongly threatening ...dxe3.} 23. Qf1 {[%emt 0:00:02] Hoping for Qh3.} dxe3 {[%emt 0:00:19] aiming for ...Qc3.} 24. fxe3 $2 (24. Qh3 $1 $11 exf2+ 25. Kxf2 Qd4+ 26. Kg2) 24... Nf5 $19 25. Qh3 {[%emt 0:00:05] [#] And now Qh7+ would win.} Qg7 {[%emt 0:00:01][%mdl 8192] Inhibits Qh7+.} (25... Ng3+ $1 $19 {avoids the disaster.} 26. Kf2 Nxh1+ 27. Rxh1 Rad8) 26. Be4 $18 {[%emt 0:00:02] Really sharp!} Re7 $2 (26... Rd6 27. Bxf5 (27. Bxb7 Re8 $16) (27. Rag1 Rf6 $18) 27... gxf5) 27. Bxf5 {[%emt 0:00:01] White is clearly winning.} Rae8 28. Be4 f5 (28... Re5 $142 29. Qd7 R5e7) 29. Bd5+ Kf8 30. Qh8+ Qxh8 31. Rxh8+ Kg7 32. Rxe8 {[%emt 0:00:01] Weighted Error Value: White=0.20 (precise) /Black=0.46} 1-0

[Event "Romanian Team Blitz Open 2022"]
[Site "Sebes"]
[Date "2022.12.04"]
[Round "8.13"]
[White "Patrascu, Catalin-Lucian"]
[Black "Miron, Lucian-Costin"]
[Result "0-1"]
[ECO "C77"]
[WhiteElo "2279"]
[BlackElo "2510"]
[Annotator "TA"]
[PlyCount "61"]
[EventDate "2022.12.04"]
[EventType "blitz"]
[EventCountry "ROU"]
[SourceTitle "playchess.com"]
[Source "ChessBase"]
[SourceQuality "1"]
[TimeControl "180+2"]

1. e4 e5 2. Nf3 Nc6 3. Bb5 a6 4. Ba4 Nf6 5. O-O Be7 6. d3 d6 7. c3 O-O 8. Nbd2 b5 9. Bc2 Nb8 {[%emt 0:00:02] C77: Ruy Lopez: 3...a6 4 Ba4 Nf6, unusual lines.} 10. h3 Bb7 11. Re1 Nbd7 {[%emt 0:00:02] [#] White has an edge.} 12. a4 $146 ({Predecessor:} 12. Nf1 Re8 13. Ng3 Bf8 14. d4 g6 15. a4 Bg7 16. d5 Nb6 17. a5 Nc8 18. c4 c5 19. b4 cxb4 20. Bd3 Nd7 21. cxb5 axb5 22. Bxb5 Ba6 23. Bxa6 Rxa6 24. Qa4 {1-0 (62) Korneev,O (2551)-Karpatchev,A (2416) Runavik 2018}) 12... Nc5 13. b4 Nxa4 14. Bxa4 bxa4 15. Qxa4 Qd7 16. Nb3 Bc6 17. Qa2 Qc8 18. Na5 Bd7 19. d4 exd4 20. cxd4 c5 (20... c6 $14) 21. e5 ({White should play} 21. bxc5 dxc5 22. d5) 21... dxe5 22. dxc5 ({Resist} 22. dxe5 $6 Be6 23. Qe2 Nd5 $11) 22... e4 23. Ne5 Be6 24. Qe2 Re8 25. Nac4 {[%emt 0:00:09] Nb6 is the strong threat.} Qc7 {[%emt 0:00:54] [#] Against Nb6} 26. Bf4 $1 {[%emt 0:00:24] Strongly threatening Nb6.} Nd5 {[%emt 0:00:00][%csl LRb4,LRf4] Prevents Nb6.} 27. Bh2 (27. Qxe4 $16 {[%cal Oc4b6] Hoping for Nb6!} Nxf4 28. Nb6 (28. Qxf4 f6 $14)) 27... Qb7 {[%emt 0:00:00] Prevents Nb6.} (27... Nxb4 $11 28. Nd6 Bxd6 29. cxd6 Qb7) 28. Qxe4 $14 Qxb4 29. c6 (29. Nb6 $16 Qxe4 30. Rxe4) 29... Bf6 (29... Nc3 $11 30. Qd3 Rad8) 30. Nd7 $2 {[%emt 0:00:03][%mdl 8192] [#]} Bxd7 31. Qxd5 {[%emt 0:00:02] Weighted Error Value: White=0.52/Black=0.26 (precise)} 0-1